 Dungeon Crawl Stone Soup version 0.31-b1-18-g61460d1e46 (webtiles) character file.

Game seed: 16289418880020756805

378 groovy9 the Conjurer (level 6, 0/32 HPs)
             Began as a Deep Elf Conjurer on Jan 16, 2024.
             Slain by Pikel
             ... wielding a +2 whip of electrocution
              (13 damage)
             ... on level 4 of the Dungeon.
             The game lasted 00:07:31 (3625 turns).

groovy9 the Conjurer (Deep Elf Conjurer)            Turns: 3625, Time: 00:07:32

Health: 0/32       AC:  6    Str:  4    XL:     6   Next: 45%
Magic:  4/16       EV: 12    Int: 25    God:
Gold:   234        SH:  0    Dex: 13    Spells: 13/16 levels left

rFire   . . .        p - +2 hand axe (venom)
rCold   . . .        (no shield)
rNeg    . . .        a - +0 robe
rPois   .            (no helmet)
rElec   .            (no cloak)
rCorr   .            (no gloves)
SInv    +            (no boots)
Will    .....        (no amulet)
Stlth   ++           f - ring of see invisible
HPRegen 0.25/turn    j - +4 ring of protection
MPRegen 0.15/turn

%: no passive effects
@: no status effects
A: no striking features
a: no special abilities


You were on level 4 of the Dungeon.
You visited 1 branch of the dungeon, and saw 4 of its levels.

You collected 234 gold pieces.

Inventory:

Hand Weapons
 p - a +2 hand axe of venom (weapon)
Armour
 a - a +0 robe (worn)
Jewellery
 f - a ring of see invisible (left hand)
 j - a +4 ring of protection (right hand)
 r - a ring of willpower
Wands
 q - a wand of flame (17)
Scrolls
 e - a scroll of noise {unknown}
 g - 3 scrolls of teleportation {unknown}
 h - 6 scrolls of identify {unknown}
 i - a scroll of blinking {unknown}
 k - a scroll of enchant armour {unknown}
 m - a scroll of revelation {unknown}
 n - a scroll of amnesia {unknown}
 s - a scroll of immolation {unknown}
Potions
 b - a potion of magic
 c - 6 potions of curing {unknown}
 d - 3 potions of might {unknown}
 l - 5 potions of enlightenment {unknown}
 o - 2 potions of ambrosia {unknown}


   Skills:
 - Level 2.4 Dodging
 - Level 2.4 Stealth
 + Level 5.8 Spellcasting
 * Level 7.4 Conjurations


You had 13 spell levels left.
You knew the following spells:

 Your Spells              Type           Power      Damage    Failure   Level
a - Magic Dart            Conj           100%       1d8       1%          1
b - Searing Ray           Conj           88%        2d7       1%          2

Your spell library contained the following spells:

 Spells                   Type           Power      Damage    Failure   Level
 Summon Small Mammal      Summ           28%        N/A       8%          1
 Mephitic Cloud           Conj/Alch/Air  19%        N/A       9%          3
 Mercury Vapours          Alch/Air       14%        N/A       12%         2
 Fulminant Prism          Conj/Alch      13%        3d9       16%         4
 Iskenderun's Mystic Bla  Conj/Tloc      26%        2d7       16%         4
 Call Canine Familiar     Summ           7%         N/A       22%         3
 Summon Blazeheart Golem  Fire/Summ      7%         N/A       58%         4
 Freezing Cloud           Conj/Ice/Air   9%         6-21      58%         5


Dungeon Overview and Level Annotations

Branches:
Dungeon (4/15)
 Temple: D:4-7

Altars:
Elyvilon
Wu Jian

Annotations:
D:4 Pikel


Message History

Aiming: Searing Ray (safe; 1% risk of failure)
Press: ? - help, Shift-Dir - straight line, f - Pikel
Aim: Pikel, wielding a +2 whip of electrocution and wearing a +0 robe (asleep, 100% to hit)
The searing ray hits Pikel.
Pikel is lightly wounded.
Pikel shouts!
The searing ray hits the lemure.
The lemure is lightly wounded.
The lemure shouts! (Press . to maintain the ray.)
You hear a shout! x2
The jelly quivers.
The searing ray hits Pikel.
Pikel is moderately wounded.
Pikel hits you with a +2 whip of electrocution.
The searing ray hits Pikel!
Pikel is heavily wounded.
Pikel misses you.
The searing ray hits Pikel.
Pikel is severely wounded.
You finish channelling your searing ray.
Pikel hits you but does no damage.
Casting: Searing Ray (safe; 1% risk of failure)
Confirm with . or Enter, or press ? or * to list all spells.
Aiming: Searing Ray (safe; 1% risk of failure)
Press: ? - help, Shift-Dir - straight line, f/p - Pikel
Aim: Pikel, wielding a +2 whip of electrocution and wearing a +0 robe (severely wounded, 77% to hit)
The searing ray misses Pikel. (Press . to maintain the ray.) Pikel hits you with a +2 whip of electrocution.
You are electrocuted!
The searing ray hits Pikel.
Pikel is severely wounded.
Pikel misses you.
The searing ray hits Pikel!
Pikel is almost dead.
Pikel hits you with a +2 whip of electrocution.
You are electrocuted!
You die...
Pikel says, "Another soul for the market."

.............)...).))......'.....
#.#########...##.#)........####..
### ######.##.......## ##.
#....###.....## ## #########...##
..##'## #.##.###### #
#####.##.##...#### #
#.@....<...)#....#
#K###.#.......##.# #5
#......#.###<##
J#5...#....#.......
##.######.#.#####.## #.#.# #.#
#.#.#####.# #.#.......# ###
#.#########


You could see Pikel, a lemure and a jelly.

Vanquished Creatures
  A lemure (D:4)
  Blork the orc (D:4)
  A gnoll bouda (D:4)
  3 orc priests (D:4)
  Terence (D:3)
  An orc wizard (D:4)
  4 gnolls (D:4)
  3 adders
  A ribbon worm (D:2)
  10 orcs
  8 endoplasms
  A giant cockroach (D:1)
  5 goblins
  5 hobgoblins
  4 quokkas
  6 ball pythons
  4 bats
  3 frilled lizards
  6 kobolds
  6 rats
74 creatures vanquished.

Notes
Turn   | Place    | Note
-------+----------+-------------------------------------------
     0 | D:1      | groovy9 the Deep Elf Conjurer began the quest for the Orb.
     0 | D:1      | Reached XP level 1. HP: 10/10 MP: 6/6
   204 | D:1      | Reached XP level 2. HP: 12/15 MP: 1/8
   267 | D:1      | Learned a level 2 spell: Searing Ray
   766 | D:2      | Reached skill level 5 in Conjurations
  1023 | D:2      | Found a faded altar of an unknown god.
  1164 | D:2      | Reached XP level 3. HP: 19/19 MP: 8/10
  1517 | D:3      | Noticed Terence
  1525 | D:3      | Killed Terence
  1526 | D:3      | Reached XP level 4. HP: 24/24 MP: 1/12
  2334 | D:4      | Noticed Blork the orc
  2343 | D:4      | Killed Blork the orc
  2344 | D:4      | Reached skill level 6 in Conjurations
  2344 | D:4      | Reached XP level 5. HP: 16/28 MP: 1/14
  2459 | D:4      | Found a white marble altar of Elyvilon.
  2516 | D:4      | Reached skill level 5 in Spellcasting
  2758 | D:4      | Reached skill level 7 in Conjurations
  2758 | D:4      | Reached XP level 6. HP: 32/32 MP: 8/16
  3524 | D:4      | Found an ornate altar of the Wu Jian Council.
  3618 | D:4      | Noticed Pikel
  3625 | D:4      | Slain by Pikel

Illustrated notes

Levels and vault maps discovered:
D:1:      tarquinn_simple_flora_water_b, layout_rooms, kennysheep_flooded_box
D:2:      layout_rooms, shapermc_ecumenical_altar_petra
D:3:      layout_loops_cross, uniq_terence
D:4:      layout_loops_corners, marbit_many_paths,
          mainiacjoe_overflow_cross_hatched, nicolae_overflow_hidden_temple,
          uniq_blork_the_orc, uniq_pikel

Skill      XL: |  1  2  3  4  5 |
---------------+----------------+-----
Conjurations   | 5 6 7 |  7.4
Spellcasting   | 4 5 |  5.8
Dodging        | |  2.4
Stealth        | |  2.4

Action                     |  1- 3 |  4- 6 || total
---------------------------+-------+-------++-------
  Melee: Hand axe          |       |     3 ||     3
   Cast: Magic Dart        |    41 |    23 ||    64
         Searing Ray       |    10 |    27 ||    37
 Armour: Robe              |     2 |    10 ||    12
  Dodge: Dodged            |     7 |    12 ||    19
